[ AOE2 MATCH · #459529972 ]
UnrankedEthiopians vs Huns
[ REPLAY ANALYSIS · EXTRACTED FROM THE RECORDED GAME ]
Feudal
10:09
Castle
18:57
Imperial
30:58
| APM avg | 38.2 |
| APM peak | 68 |
| eAPM avg | 17.6 |
| Villagers / military | 87 / 9 |
Focus
⚔️ 15.1% · 🌾 84.9%
Fishing Ship ×22 · Galley ×8 · Unknown (2626) ×2 · Monk ×1
Feudal
10:11
Castle
16:29
Imperial
—
| APM avg | 36.2 |
| APM peak | 79 |
| eAPM avg | 16.7 |
| Villagers / military | 136 / 89 |
Focus
⚔️ 20.0% · 🌾 80.0%
Knight ×88 · Fishing Ship ×5 · Unknown (2626) ×4 · Monk ×1
Feudal
11:23
Castle
22:23
Imperial
—
| APM avg | 39.3 |
| APM peak | 64 |
| eAPM avg | 20.7 |
| Villagers / military | 70 / 78 |
Focus
⚔️ 35.2% · 🌾 64.8%
Militia ×77 · Fishing Ship ×4 · Monk ×1
Feudal
8:56
Castle
30:18
Imperial
—
| APM avg | 64.1 |
| APM peak | 119 |
| eAPM avg | 19.5 |
| Villagers / military | 65 / 55 |
Focus
⚔️ 31.9% · 🌾 68.1%
Scout Cavalry ×47 · Knight ×6 · Spearman ×2
Feudal
9:53
Castle
24:35
Imperial
—
| APM avg | 63.1 |
| APM peak | 91 |
| eAPM avg | 28.7 |
| Villagers / military | 109 / 90 |
Focus
⚔️ 23.6% · 🌾 76.4%
Knight ×63 · Scout Cavalry ×26 · Spearman ×1
Feudal
16:25
Castle
20:39
Imperial
—
| APM avg | 66.9 |
| APM peak | 104 |
| eAPM avg | 26.3 |
| Villagers / military | 49 / 0 |
Focus
⚔️ 18.9% · 🌾 81.1%
Unknown (2550) ×87
Feudal
9:38
Castle
25:38
Imperial
—
| APM avg | 54.2 |
| APM peak | 78 |
| eAPM avg | 24.2 |
| Villagers / military | 82 / 102 |
Focus
⚔️ 26.3% · 🌾 73.7%
Archer ×90 · Mangonel ×7 · Battering Ram ×3 · Spearman ×2
Feudal
9:10
Castle
24:10
Imperial
—
| APM avg | 42.2 |
| APM peak | 82 |
| eAPM avg | 18.1 |
| Villagers / military | 66 / 66 |
Focus
⚔️ 36.2% · 🌾 63.8%
Archer ×54 · Skirmisher ×10 · Spearman ×2
Match map
Initial resources + every placement click. Lines = walls · curves = elevation contours. ◆ gold · ⬟ stone · ● berries · ✦ relic · ◌ wall gap
Your base· Open — unwalled flank
Don't abandon the alliance.'s base· Open — unwalled flank
Hero Unit's base· Open — unwalled flank
Tylenol's base· Open — unwalled flank
dapao's base· Open — unwalled flank
FaraLegend's base· Open — unwalled flank
holagame's base· Open — unwalled flank
VFV_Gilgamesh's base· Open — unwalled flank
Smoothed initial terrain · ◌ = detected wall gap · hover for details
Inputs per minute
— Zzzzzz - - Don't abandon the alliance.
Build order — Zzzzzz
First 150 of 234 actions detected
| 0:01 | Queue | Villager (Male) |
| 0:02 | Queue | Villager (Male) |
| 0:03 | Build | House |
| 0:04 | Build | House |
| 0:32 | Queue | Villager (Male) |
| 0:45 | Queue | Villager (Male) |
| 1:34 | Queue | Villager (Male) |
| 2:09 | Queue | Villager (Male) |
| 2:21 | Build | Lumber Camp |
| 2:29 | Queue | Villager (Male) |
| 2:51 | Queue | Villager (Male) |
| 3:04 | Queue | Villager (Male) |
| 3:04 | Queue | Villager (Male) |
| 3:37 | Queue | Villager (Male) |
| 3:57 | Queue | Villager (Male) |
| 4:20 | Build | House |
| 4:33 | Queue | Villager (Male) |
| 4:33 | Queue | Villager (Male) |
| 4:56 | Queue | Villager (Male) |
| 4:57 | Queue | Villager (Male) |
| 5:20 | Queue | Villager (Male) |
| 5:20 | Queue | Villager (Male) |
| 5:25 | Build | Dock |
| 5:42 | Build | House |
| 5:55 | Queue | Villager (Male) |
| 6:16 | Queue | Villager (Male) |
| 6:17 | Queue | Fishing Ship |
| 6:36 | Queue | Villager (Male) |
| 7:04 | Queue | Villager (Male) |
| 7:05 | Queue | Fishing Ship |
| 7:22 | Build | Mining Camp |
| 7:59 | Research | Feudal Age |
| 8:40 | Build | House |
| 9:08 | Build | Dock |
| 9:59 | Queue | Villager (Male) |
| 10:09 | Age | Feudal Age |
| 10:17 | Queue | Unit 2626 |
| 10:18 | Queue | Unit 2626 |
| 10:22 | Queue | Villager (Male) |
| 10:22 | Queue | Villager (Male) |
| 10:38 | Build | Stone Wall |
| 10:43 | Research | Loom |
| 10:55 | Queue | Villager (Male) |
| 11:15 | Queue | Fishing Ship |
| 11:16 | Queue | Fishing Ship |
| 11:23 | Build | House |
| 11:33 | Build | Stone Wall |
| 11:46 | Queue | Villager (Male) |
| 11:49 | Queue | Fishing Ship |
| 11:49 | Queue | Fishing Ship |
| 11:57 | Research | Double-Bit Axe |
| 12:05 | Queue | Villager (Male) |
| 12:08 | Build | Mill |
| 12:24 | Queue | Fishing Ship |
| 12:25 | Queue | Fishing Ship |
| 12:41 | Build | House |
| 12:49 | Build | House |
| 12:54 | Queue | Villager (Male) |
| 12:59 | Build | Farm |
| 13:00 | Build | Farm |
| 13:04 | Build | Farm |
| 13:05 | Build | Farm |
| 13:07 | Build | Farm |
| 13:16 | Queue | Villager (Male) |
| 13:22 | Queue | Fishing Ship |
| 13:32 | Queue | Villager (Male) |
| 13:53 | Build | Farm |
| 14:02 | Queue | Villager (Male) |
| 14:03 | Queue | Fishing Ship |
| 14:05 | Queue | Fishing Ship |
| 14:37 | Build | Stone Wall |
| 14:46 | Build | Market |
| 14:51 | Queue | Villager (Male) |
| 14:54 | Queue | Fishing Ship |
| 15:00 | Build | House |
| 15:19 | Build | House |
| 15:41 | Build | Blacksmith |
| 15:42 | Queue | Villager (Male) |
| 15:45 | Build | Farm |
| 16:00 | Queue | Galley |
| 16:17 | Research | Castle Age |
| 16:35 | Build | Dock |
| 16:43 | Research | Fletching |
| 16:43 | Queue | Galley |
| 16:49 | Build | House |
| 16:54 | Build | House |
| 17:37 | Build | House |
| 17:45 | Queue | Galley ×3 |
| 17:53 | Queue | Galley |
| 18:19 | Build | Lumber Camp |
| 18:57 | Age | Castle Age |
| 19:04 | Research | War Galley (upgrade) |
| 19:05 | Research | Bodkin Arrow |
| 19:06 | Research | Bodkin Arrow |
| 19:06 | Queue | Villager (Male) |
| 19:07 | Queue | Villager (Male) |
| 19:07 | Queue | Villager (Male) |
| 19:22 | Queue | Galley ×2 |
| 19:26 | Research | Bow Saw |
| 19:26 | Research | Bow Saw |
| 20:05 | Queue | Villager (Male) |
| 20:05 | Queue | Villager (Male) |
| 20:14 | Build | Town Center |
| 20:17 | Queue | Villager (Male) |
| 21:00 | Build | Mining Camp |
| 21:08 | Queue | Villager (Male) |
| 21:09 | Queue | Villager (Male) |
| 21:09 | Queue | Villager (Male) |
| 21:10 | Queue | Villager (Male) |
| 21:10 | Queue | Villager (Male) |
| 21:10 | Queue | Villager (Male) |
| 21:24 | Build | Gate |
| 21:38 | Queue | Villager (Male) |
| 21:38 | Queue | Villager (Male) |
| 21:39 | Queue | Villager (Male) |
| 21:43 | Build | Farm |
| 21:47 | Build | Town Center |
| 21:57 | Queue | Villager (Male) |
| 21:57 | Queue | Villager (Male) |
| 21:58 | Research | Wheelbarrow |
| 21:58 | Research | Wheelbarrow |
| 21:59 | Queue | Villager (Male) |
| 22:00 | Queue | Villager (Male) |
| 22:08 | Research | Wheelbarrow |
| 22:12 | Build | Farm |
| 22:18 | Build | Farm |
| 22:23 | Build | Farm |
| 22:25 | Queue | Villager (Male) |
| 22:26 | Queue | Villager (Male) |
| 23:34 | Queue | Villager (Male) |
| 23:36 | Build | Farm |
| 23:36 | Build | Farm |
| 23:48 | Build | Dock |
| 23:53 | Build | Fish Trap |
| 23:54 | Build | Fish Trap |
| 23:55 | Research | Tech 906 |
| 23:57 | Queue | Villager (Male) |
| 23:57 | Queue | Villager (Male) |
| 23:57 | Queue | Villager (Male) |
| 24:08 | Build | Town Center |
| 24:27 | Queue | Villager (Male) |
| 24:28 | Queue | Villager (Male) |
| 24:30 | Queue | Villager (Male) |
| 24:31 | Queue | Villager (Male) |
| 24:32 | Queue | Villager (Male) |
| 24:32 | Queue | Villager (Male) |
| 24:33 | Queue | Villager (Male) |
| 24:35 | Build | House |
| 24:36 | Build | House |
| 24:49 | Queue | Fishing Ship |
Build order — Don't abandon the alliance.
First 150 of 288 actions detected
| 0:02 | Queue | Villager (Male) |
| 0:03 | Queue | Villager (Male) |
| 0:03 | Queue | Villager (Male) |
| 0:03 | Queue | Villager (Male) |
| 0:03 | Queue | Villager (Male) |
| 1:12 | Queue | Villager (Male) |
| 1:12 | Queue | Villager (Male) |
| 2:05 | Queue | Villager (Male) |
| 2:05 | Queue | Villager (Male) |
| 2:05 | Queue | Villager (Male) |
| 2:05 | Queue | Villager (Male) |
| 2:25 | Build | Lumber Camp |
| 2:40 | Queue | Villager (Male) |
| 2:40 | Queue | Villager (Male) |
| 3:16 | Queue | Villager (Male) |
| 3:16 | Queue | Villager (Male) |
| 3:16 | Queue | Villager (Male) |
| 3:47 | Queue | Villager (Male) |
| 3:47 | Queue | Villager (Male) |
| 3:48 | Queue | Villager (Male) |
| 4:14 | Queue | Villager (Male) |
| 4:14 | Queue | Villager (Male) |
| 4:14 | Queue | Villager (Male) |
| 4:15 | Queue | Villager (Male) |
| 4:35 | Queue | Villager (Male) |
| 4:35 | Queue | Villager (Male) |
| 4:52 | Queue | Villager (Male) |
| 4:53 | Queue | Villager (Male) |
| 4:53 | Queue | Villager (Male) |
| 5:29 | Queue | Villager (Male) |
| 5:29 | Queue | Villager (Male) |
| 5:29 | Queue | Villager (Male) |
| 5:40 | Build | Dock |
| 6:38 | Queue | Fishing Ship |
| 6:46 | Queue | Villager (Male) |
| 6:46 | Queue | Villager (Male) |
| 7:15 | Queue | Villager (Male) |
| 7:42 | Build | Mining Camp |
| 7:58 | Research | Feudal Age |
| 7:58 | Research | Feudal Age |
| 9:22 | Queue | Fishing Ship |
| 9:34 | Queue | Villager (Male) |
| 9:34 | Queue | Villager (Male) |
| 9:35 | Queue | Villager (Male) |
| 9:45 | Build | Mill |
| 10:11 | Age | Feudal Age |
| 10:24 | Queue | Fishing Ship |
| 10:25 | Research | Double-Bit Axe |
| 10:33 | Queue | Villager (Male) |
| 10:57 | Build | Market |
| 11:00 | Research | Loom |
| 11:30 | Build | Palisade Wall |
| 11:41 | Queue | Villager (Male) |
| 12:01 | Research | Horse Collar |
| 12:02 | Research | Horse Collar |
| 12:04 | Queue | Fishing Ship |
| 12:07 | Build | Farm |
| 12:09 | Build | Farm |
| 12:15 | Queue | Villager (Male) |
| 12:27 | Build | Blacksmith |
| 12:39 | Build | Palisade Wall |
| 12:49 | Build | Farm |
| 12:50 | Queue | Villager (Male) |
| 12:54 | Queue | Villager (Male) |
| 13:14 | Queue | Fishing Ship |
| 13:37 | Queue | Unit 2626 |
| 13:38 | Queue | Unit 2626 |
| 13:49 | Research | Castle Age |
| 13:50 | Research | Castle Age |
| 13:50 | Research | Castle Age |
| 14:56 | Queue | Unit 2626 |
| 14:58 | Research | Gold Mining |
| 14:59 | Research | Gold Mining |
| 15:21 | Queue | Unit 2626 |
| 15:51 | Queue | Villager (Male) |
| 16:29 | Age | Castle Age |
| 16:45 | Queue | Villager (Male) |
| 16:53 | Build | Town Center |
| 16:58 | Build | Town Center |
| 17:07 | Build | Farm |
| 17:09 | Research | Bow Saw |
| 17:09 | Research | Bow Saw |
| 17:11 | Research | Heavy Plow |
| 17:11 | Research | Heavy Plow |
| 17:30 | Research | Wheelbarrow |
| 17:31 | Research | Wheelbarrow |
| 17:34 | Queue | Villager (Male) |
| 17:34 | Queue | Villager (Male) |
| 17:57 | Queue | Villager (Male) |
| 17:57 | Queue | Villager (Male) |
| 18:10 | Queue | Villager (Male) |
| 18:11 | Queue | Villager (Male) |
| 18:14 | Build | Farm |
| 18:15 | Build | Farm |
| 18:18 | Build | Farm |
| 18:26 | Build | Monastery |
| 18:31 | Queue | Villager (Male) |
| 18:31 | Queue | Villager (Male) |
| 18:31 | Queue | Villager (Male) |
| 18:32 | Queue | Villager (Male) |
| 18:32 | Queue | Villager (Male) |
| 18:52 | Queue | Villager (Male) |
| 18:52 | Queue | Villager (Male) |
| 18:58 | Build | Farm |
| 19:02 | Build | Farm |
| 19:07 | Queue | Villager (Male) |
| 19:08 | Queue | Villager (Male) |
| 19:15 | Build | Farm |
| 19:22 | Queue | Monk |
| 19:27 | Queue | Villager (Male) |
| 19:27 | Queue | Villager (Male) |
| 19:27 | Queue | Villager (Male) |
| 19:50 | Queue | Villager (Male) |
| 19:50 | Queue | Villager (Male) |
| 19:50 | Queue | Villager (Male) |
| 20:00 | Build | Mining Camp |
| 20:12 | Build | Mill |
| 20:13 | Build | Farm |
| 20:13 | Build | Farm |
| 20:13 | Build | Farm |
| 20:14 | Build | Farm |
| 20:14 | Build | Farm |
| 20:14 | Build | Farm |
| 20:14 | Build | Farm |
| 20:14 | Build | Farm |
| 20:15 | Build | Farm |
| 20:15 | Build | Farm |
| 20:15 | Build | Farm |
| 20:15 | Build | Farm |
| 20:16 | Build | Farm |
| 20:16 | Build | Farm |
| 20:17 | Queue | Villager (Male) |
| 20:18 | Queue | Villager (Male) |
| 20:18 | Queue | Villager (Male) |
| 20:18 | Queue | Villager (Male) |
| 20:44 | Build | Barracks |
| 21:00 | Build | Farm |
| 21:02 | Queue | Villager (Male) |
| 21:02 | Queue | Villager (Male) |
| 21:02 | Queue | Villager (Male) |
| 21:03 | Queue | Villager (Male) |
| 21:03 | Queue | Villager (Male) |
| 21:03 | Queue | Villager (Male) |
| 21:03 | Queue | Villager (Male) |
| 21:14 | Build | Farm |
| 21:15 | Build | Farm |
| 21:49 | Research | Hand Cart |
| 21:50 | Research | Hand Cart |
| 21:55 | Queue | Villager (Male) |
| 21:55 | Queue | Villager (Male) |
Build order — Hero Unit
First 150 of 265 actions detected
| 0:02 | Queue | Villager (Male) |
| 0:03 | Build | House |
| 0:05 | Build | House |
| 0:12 | Queue | Villager (Male) |
| 0:12 | Queue | Villager (Male) |
| 0:12 | Queue | Villager (Male) |
| 1:35 | Queue | Villager (Male) |
| 1:36 | Queue | Villager (Male) |
| 1:50 | Build | Lumber Camp |
| 2:05 | Queue | Villager (Male) |
| 2:05 | Queue | Villager (Male) |
| 2:25 | Queue | Villager (Male) |
| 2:37 | Queue | Villager (Male) |
| 2:38 | Queue | Villager (Male) |
| 3:00 | Queue | Villager (Male) |
| 3:00 | Queue | Villager (Male) |
| 3:20 | Queue | Villager (Male) |
| 4:05 | Build | House |
| 4:15 | Queue | Villager (Male) |
| 4:15 | Queue | Villager (Male) |
| 4:26 | Queue | Villager (Male) |
| 4:44 | Queue | Villager (Male) |
| 4:59 | Build | Dock |
| 5:10 | Queue | Villager (Male) |
| 5:10 | Queue | Villager (Male) |
| 5:19 | Queue | Villager (Male) |
| 5:41 | Build | House |
| 5:42 | Build | House |
| 6:01 | Build | House |
| 6:02 | Build | House |
| 6:19 | Queue | Fishing Ship |
| 6:28 | Queue | Villager (Male) |
| 6:58 | Build | Mill |
| 7:04 | Queue | Villager (Male) |
| 7:34 | Queue | Villager (Male) |
| 7:44 | Queue | Fishing Ship |
| 7:59 | Queue | Villager (Male) |
| 8:25 | Queue | Fishing Ship |
| 8:48 | Queue | Villager (Male) |
| 9:09 | Research | Feudal Age |
| 9:34 | Build | Mining Camp |
| 9:56 | Build | Barracks |
| 10:09 | Build | Palisade Gate |
| 10:27 | Build | Palisade Wall |
| 10:35 | Build | Palisade Gate |
| 10:38 | Build | Palisade Wall |
| 10:54 | Queue | Militia |
| 10:54 | Queue | Militia |
| 10:55 | Queue | Militia |
| 11:13 | Queue | Villager (Male) |
| 11:22 | Build | Palisade Wall |
| 11:23 | Age | Feudal Age |
| 11:25 | Build | Palisade Wall |
| 11:27 | Build | Palisade Wall |
| 11:30 | Research | Man-at-Arms (upgrade) |
| 11:37 | Queue | Villager (Male) |
| 11:42 | Build | House |
| 11:51 | Research | Man-at-Arms (upgrade) |
| 12:05 | Queue | Villager (Male) |
| 12:13 | Queue | Militia |
| 12:15 | Queue | Villager (Male) |
| 12:30 | Build | Blacksmith |
| 12:39 | Queue | Militia |
| 12:57 | Research | Horse Collar |
| 12:57 | Research | Horse Collar |
| 13:00 | Queue | Militia |
| 13:12 | Build | House |
| 13:14 | Research | Wheelbarrow |
| 13:34 | Research | Scale Mail Armor |
| 13:41 | Build | Farm |
| 13:41 | Build | Farm |
| 13:58 | Build | House |
| 14:12 | Queue | Militia |
| 14:13 | Queue | Villager (Male) |
| 14:16 | Build | Farm |
| 14:16 | Build | Farm |
| 14:16 | Build | Farm |
| 14:34 | Research | Forging |
| 14:34 | Queue | Villager (Male) |
| 14:37 | Build | Farm |
| 14:39 | Build | Farm |
| 14:47 | Build | Farm |
| 14:57 | Build | House |
| 15:15 | Build | Farm |
| 15:17 | Queue | Villager (Male) |
| 15:25 | Queue | Fishing Ship |
| 15:38 | Queue | Militia |
| 15:44 | Build | Farm |
| 15:53 | Queue | Militia |
| 15:58 | Build | Farm |
| 16:03 | Build | Farm |
| 16:31 | Queue | Villager (Male) |
| 16:34 | Build | Farm |
| 16:35 | Build | Farm |
| 16:43 | Build | House |
| 16:54 | Build | Farm |
| 16:57 | Queue | Villager (Male) |
| 17:00 | Build | Farm |
| 17:33 | Queue | Villager (Male) |
| 17:48 | Queue | Militia |
| 17:48 | Queue | Villager (Male) |
| 17:53 | Build | Farm |
| 18:02 | Build | Market |
| 18:25 | Build | Farm |
| 18:28 | Queue | Villager (Male) |
| 18:38 | Queue | Militia |
| 19:00 | Queue | Militia |
| 19:15 | Research | Arson |
| 19:39 | Queue | Villager (Male) |
| 19:42 | Research | Castle Age |
| 19:46 | Build | Farm |
| 20:01 | Queue | Villager (Male) |
| 20:14 | Build | Barracks |
| 20:17 | Queue | Villager (Male) |
| 20:27 | Queue | Villager (Male) |
| 20:29 | Build | House |
| 20:30 | Build | House |
| 20:31 | Build | House |
| 20:32 | Build | House |
| 20:49 | Queue | Militia |
| 20:50 | Queue | Militia |
| 21:01 | Queue | Militia |
| 21:02 | Queue | Militia |
| 21:15 | Queue | Militia |
| 21:16 | Queue | Militia |
| 21:16 | Queue | Villager (Male) |
| 21:40 | Queue | Militia |
| 21:40 | Queue | Militia |
| 21:55 | Build | Barracks |
| 22:00 | Queue | Militia |
| 22:23 | Age | Castle Age |
| 22:30 | Research | Long Swordsman (upgrade) |
| 22:31 | Research | Gambesons |
| 22:34 | Queue | Villager (Male) |
| 22:34 | Queue | Villager (Male) |
| 22:40 | Build | Town Center |
| 22:54 | Queue | Militia |
| 22:59 | Research | Gold Mining |
| 23:00 | Queue | Villager (Male) |
| 23:00 | Queue | Villager (Male) |
| 23:05 | Build | Monastery |
| 23:11 | Build | Monastery |
| 23:23 | Queue | Militia |
| 23:28 | Build | Farm |
| 23:45 | Queue | Militia |
| 23:46 | Queue | Militia |
| 24:20 | Research | Chain Mail Armor |
| 24:25 | Queue | Militia |
| 24:25 | Queue | Militia |
| 24:42 | Queue | Villager (Male) |
Build order — Tylenol
First 150 of 217 actions detected
| 0:01 | Queue | Villager (Male) |
| 0:01 | Queue | Villager (Male) |
| 0:02 | Build | House |
| 0:04 | Build | House |
| 0:29 | Queue | Villager (Male) |
| 0:29 | Queue | Villager (Male) |
| 1:32 | Queue | Villager (Male) |
| 1:32 | Queue | Villager (Male) |
| 2:02 | Queue | Villager (Male) |
| 2:10 | Build | Lumber Camp |
| 2:22 | Queue | Villager (Male) |
| 2:39 | Queue | Villager (Male) |
| 2:39 | Queue | Villager (Male) |
| 2:39 | Queue | Villager (Male) |
| 2:44 | Build | House |
| 3:07 | Queue | Villager (Male) |
| 3:08 | Queue | Villager (Male) |
| 3:46 | Queue | Villager (Male) |
| 3:47 | Queue | Villager (Male) |
| 3:47 | Queue | Villager (Male) |
| 4:04 | Queue | Villager (Male) |
| 4:04 | Queue | Villager (Male) |
| 4:34 | Queue | Villager (Male) |
| 4:34 | Queue | Villager (Male) |
| 4:39 | Queue | Villager (Male) |
| 5:07 | Build | Mill |
| 5:15 | Queue | Villager (Male) |
| 5:30 | Queue | Villager (Male) |
| 5:44 | Research | Loom |
| 6:46 | Research | Feudal Age |
| 6:46 | Research | Feudal Age |
| 6:46 | Research | Feudal Age |
| 7:28 | Build | Barracks |
| 7:47 | Build | House |
| 8:50 | Queue | Villager (Male) |
| 8:56 | Age | Feudal Age |
| 8:59 | Build | Stable |
| 9:03 | Queue | Villager (Male) |
| 9:24 | Research | Double-Bit Axe |
| 9:35 | Build | House |
| 9:54 | Queue | Scout Cavalry |
| 9:55 | Queue | Scout Cavalry |
| 9:56 | Queue | Villager (Male) |
| 9:57 | Queue | Villager (Male) |
| 9:58 | Queue | Villager (Male) |
| 9:58 | Queue | Villager (Male) |
| 10:20 | Build | House |
| 10:31 | Queue | Scout Cavalry |
| 11:37 | Queue | Villager (Male) |
| 11:37 | Queue | Villager (Male) |
| 11:41 | Research | Horse Collar |
| 11:41 | Research | Horse Collar |
| 11:43 | Build | Farm |
| 11:43 | Build | Farm |
| 11:58 | Queue | Scout Cavalry |
| 12:10 | Build | Farm |
| 12:13 | Build | Farm |
| 12:36 | Queue | Scout Cavalry |
| 12:40 | Queue | Villager (Male) |
| 12:41 | Build | Farm |
| 12:41 | Build | Farm |
| 12:41 | Build | Farm |
| 12:41 | Build | Farm |
| 12:41 | Build | Farm |
| 12:42 | Build | Farm |
| 12:42 | Build | Farm |
| 12:43 | Build | House |
| 13:10 | Queue | Scout Cavalry |
| 13:12 | Queue | Villager (Male) |
| 13:12 | Queue | Villager (Male) |
| 13:41 | Queue | Villager (Male) |
| 13:41 | Queue | Villager (Male) |
| 13:51 | Build | Farm |
| 13:51 | Build | Farm |
| 13:52 | Build | Farm |
| 13:52 | Build | Farm |
| 13:52 | Queue | Villager (Male) |
| 13:56 | Build | Farm |
| 14:07 | Queue | Scout Cavalry |
| 14:12 | Build | Stable |
| 14:21 | Queue | Scout Cavalry |
| 14:27 | Build | Farm |
| 14:28 | Queue | Villager (Male) |
| 14:30 | Build | Farm |
| 14:54 | Queue | Scout Cavalry |
| 14:57 | Queue | Villager (Male) |
| 15:01 | Build | House |
| 15:05 | Queue | Scout Cavalry |
| 15:11 | Build | Farm |
| 15:26 | Queue | Scout Cavalry |
| 15:29 | Build | House |
| 15:29 | Build | House |
| 15:29 | Build | House |
| 15:34 | Queue | Scout Cavalry |
| 15:36 | Queue | Villager (Male) |
| 15:37 | Queue | Villager (Male) |
| 15:38 | Build | Farm |
| 16:03 | Queue | Scout Cavalry |
| 16:03 | Queue | Scout Cavalry |
| 16:21 | Queue | Scout Cavalry |
| 16:21 | Queue | Scout Cavalry |
| 16:36 | Queue | Scout Cavalry |
| 16:36 | Queue | Scout Cavalry |
| 16:37 | Queue | Scout Cavalry |
| 16:37 | Queue | Villager (Male) |
| 16:38 | Queue | Villager (Male) |
| 16:40 | Build | Farm |
| 16:43 | Build | Farm |
| 16:56 | Queue | Villager (Male) |
| 16:57 | Build | Blacksmith |
| 17:10 | Queue | Scout Cavalry |
| 17:10 | Queue | Scout Cavalry |
| 17:14 | Queue | Scout Cavalry |
| 17:15 | Queue | Villager (Male) |
| 17:18 | Build | Farm |
| 17:30 | Queue | Scout Cavalry |
| 17:30 | Queue | Scout Cavalry |
| 17:37 | Build | House |
| 17:46 | Queue | Scout Cavalry |
| 17:46 | Queue | Scout Cavalry |
| 18:06 | Queue | Scout Cavalry |
| 18:06 | Queue | Scout Cavalry |
| 18:17 | Queue | Scout Cavalry |
| 18:17 | Queue | Scout Cavalry |
| 18:17 | Queue | Scout Cavalry |
| 18:19 | Queue | Villager (Male) |
| 18:21 | Build | Farm |
| 18:21 | Build | Farm |
| 18:27 | Build | Farm |
| 18:33 | Queue | Scout Cavalry |
| 18:33 | Queue | Scout Cavalry |
| 18:48 | Queue | Scout Cavalry |
| 18:51 | Queue | Scout Cavalry |
| 18:59 | Build | Farm |
| 19:05 | Build | House |
| 19:06 | Build | House |
| 19:10 | Queue | Scout Cavalry |
| 19:18 | Build | Farm |
| 19:20 | Build | Farm |
| 19:24 | Queue | Scout Cavalry |
| 19:30 | Queue | Villager (Male) |
| 19:30 | Queue | Villager (Male) |
| 19:32 | Build | Farm |
| 19:42 | Queue | Scout Cavalry |
| 19:42 | Queue | Scout Cavalry |
| 19:56 | Queue | Scout Cavalry |
| 20:20 | Research | Scale Barding Armor |
| 20:21 | Research | Scale Barding Armor |
| 20:26 | Queue | Scout Cavalry |
| 20:27 | Queue | Scout Cavalry |
Build order — dapao
First 150 of 291 actions detected
| 0:00 | Queue | Villager (Male) |
| 0:01 | Queue | Villager (Male) |
| 0:02 | Build | House |
| 0:03 | Build | House |
| 0:07 | Queue | Villager (Male) |
| 0:08 | Queue | Villager (Male) |
| 0:08 | Queue | Villager (Male) |
| 1:27 | Queue | Villager (Male) |
| 1:58 | Build | Lumber Camp |
| 1:58 | Queue | Villager (Male) |
| 2:19 | Queue | Villager (Male) |
| 2:19 | Queue | Villager (Male) |
| 3:13 | Queue | Villager (Male) |
| 3:13 | Queue | Villager (Male) |
| 3:13 | Queue | Villager (Male) |
| 3:32 | Queue | Villager (Male) |
| 3:33 | Queue | Villager (Male) |
| 3:59 | Build | House |
| 4:13 | Build | Palisade Wall |
| 4:21 | Queue | Villager (Male) |
| 4:21 | Queue | Villager (Male) |
| 4:46 | Queue | Villager (Male) |
| 4:47 | Queue | Villager (Male) |
| 4:47 | Queue | Villager (Male) |
| 5:03 | Queue | Villager (Male) |
| 5:04 | Queue | Villager (Male) |
| 5:38 | Queue | Villager (Male) |
| 5:53 | Research | Loom |
| 6:23 | Queue | Villager (Male) |
| 6:26 | Build | House |
| 7:01 | Build | Mill |
| 7:02 | Queue | Villager (Male) |
| 7:13 | Queue | Villager (Male) |
| 7:14 | Queue | Villager (Male) |
| 7:36 | Research | Feudal Age |
| 7:56 | Build | Barracks |
| 8:30 | Build | House |
| 9:10 | Queue | Villager (Male) |
| 9:53 | Queue | Villager (Male) |
| 9:53 | Age | Feudal Age |
| 9:56 | Queue | Villager (Male) |
| 10:00 | Build | Stable |
| 10:03 | Queue | Villager (Male) |
| 10:05 | Queue | Villager (Male) |
| 10:09 | Build | Farm |
| 10:10 | Build | Farm |
| 10:32 | Build | Blacksmith |
| 10:35 | Queue | Villager (Male) |
| 10:39 | Queue | Scout Cavalry |
| 10:41 | Queue | Scout Cavalry |
| 10:41 | Queue | Scout Cavalry |
| 11:01 | Queue | Scout Cavalry |
| 11:02 | Queue | Villager (Male) |
| 11:04 | Build | Farm |
| 11:07 | Build | Farm |
| 11:08 | Build | Farm |
| 11:32 | Build | House |
| 11:40 | Queue | Spearman |
| 11:43 | Build | House |
| 11:47 | Build | Farm |
| 12:01 | Build | Farm |
| 12:10 | Build | House |
| 12:25 | Queue | Villager (Male) |
| 12:33 | Research | Scale Barding Armor |
| 12:33 | Research | Scale Barding Armor |
| 12:37 | Queue | Scout Cavalry |
| 12:50 | Queue | Scout Cavalry |
| 13:03 | Queue | Scout Cavalry |
| 13:03 | Queue | Scout Cavalry |
| 13:13 | Build | House |
| 13:17 | Build | Palisade Wall |
| 13:18 | Build | Palisade Wall |
| 13:23 | Build | Palisade Gate |
| 13:46 | Queue | Scout Cavalry |
| 13:47 | Queue | Villager (Male) |
| 13:50 | Build | Farm |
| 13:50 | Build | Farm |
| 13:55 | Queue | Villager (Male) |
| 13:56 | Build | Farm |
| 13:58 | Build | Farm |
| 14:14 | Queue | Scout Cavalry |
| 14:15 | Queue | Villager (Male) |
| 14:17 | Build | Farm |
| 14:28 | Build | Mining Camp |
| 14:33 | Queue | Scout Cavalry |
| 14:38 | Queue | Villager (Male) |
| 14:42 | Build | Farm |
| 14:44 | Queue | Villager (Male) |
| 14:45 | Build | Farm |
| 15:06 | Queue | Scout Cavalry |
| 15:07 | Queue | Villager (Male) |
| 15:10 | Build | Farm |
| 15:16 | Build | House |
| 15:21 | Build | Palisade Wall |
| 15:33 | Build | Farm |
| 15:33 | Queue | Villager (Male) |
| 15:58 | Queue | Scout Cavalry |
| 16:07 | Queue | Scout Cavalry |
| 16:08 | Queue | Villager (Male) |
| 16:10 | Build | Farm |
| 16:34 | Queue | Scout Cavalry |
| 16:35 | Queue | Villager (Male) |
| 16:37 | Build | Farm |
| 16:41 | Build | Farm |
| 16:52 | Queue | Villager (Male) |
| 16:55 | Queue | Villager (Male) |
| 17:02 | Queue | Scout Cavalry |
| 17:02 | Queue | Scout Cavalry |
| 17:04 | Queue | Villager (Male) |
| 17:20 | Queue | Villager (Male) |
| 17:23 | Queue | Villager (Male) |
| 17:26 | Build | Farm |
| 17:27 | Build | Farm |
| 17:39 | Queue | Scout Cavalry |
| 17:52 | Research | Bloodlines |
| 18:17 | Queue | Scout Cavalry |
| 18:17 | Queue | Villager (Male) |
| 18:20 | Queue | Villager (Male) |
| 18:24 | Build | Farm |
| 18:25 | Build | Farm |
| 18:27 | Build | Farm |
| 18:28 | Build | Mill |
| 18:29 | Queue | Villager (Male) |
| 18:31 | Queue | Villager (Male) |
| 18:39 | Build | Farm |
| 18:41 | Build | Farm |
| 18:43 | Build | Farm |
| 18:43 | Queue | Villager (Male) |
| 18:49 | Queue | Scout Cavalry |
| 18:58 | Queue | Villager (Male) |
| 19:01 | Build | Farm |
| 19:20 | Queue | Scout Cavalry |
| 19:24 | Research | Horse Collar |
| 19:25 | Queue | Villager (Male) |
| 19:28 | Build | Farm |
| 19:31 | Queue | Villager (Male) |
| 19:41 | Queue | Scout Cavalry |
| 19:42 | Queue | Scout Cavalry |
| 19:42 | Queue | Villager (Male) |
| 19:44 | Build | Farm |
| 19:44 | Build | Farm |
| 19:54 | Queue | Villager (Male) |
| 20:05 | Queue | Scout Cavalry |
| 20:17 | Queue | Scout Cavalry |
| 20:17 | Queue | Villager (Male) |
| 20:19 | Build | Farm |
| 20:33 | Queue | Villager (Male) |
| 20:53 | Queue | Scout Cavalry |
| 20:54 | Queue | Villager (Male) |
| 20:55 | Queue | Villager (Male) |
Build order — FaraLegend
First 150 of 186 actions detected
| 0:01 | Queue | Villager (Male) |
| 0:01 | Queue | Villager (Male) |
| 0:02 | Queue | Villager (Male) |
| 0:02 | Queue | Villager (Male) |
| 0:03 | Build | House |
| 0:05 | Build | House |
| 1:23 | Queue | Villager (Male) |
| 1:23 | Queue | Villager (Male) |
| 2:01 | Build | Settlement |
| 2:04 | Queue | Villager (Male) |
| 2:04 | Queue | Villager (Male) |
| 2:31 | Queue | Villager (Male) |
| 2:31 | Queue | Villager (Male) |
| 3:01 | Queue | Villager (Male) |
| 3:30 | Queue | Villager (Male) |
| 3:32 | Queue | Villager (Male) |
| 4:25 | Queue | Villager (Male) |
| 4:26 | Queue | Villager (Male) |
| 4:45 | Queue | Villager (Male) |
| 5:03 | Queue | Villager (Male) |
| 5:04 | Queue | Villager (Male) |
| 5:39 | Queue | Villager (Male) |
| 5:42 | Build | Barracks |
| 5:59 | Queue | Villager (Male) |
| 6:27 | Queue | Villager (Male) |
| 6:30 | Build | House |
| 6:39 | Build | Settlement |
| 6:49 | Queue | Unit 2550 |
| 6:50 | Queue | Unit 2550 |
| 7:04 | Queue | Unit 2550 |
| 7:10 | Queue | Villager (Male) |
| 7:43 | Queue | Unit 2550 |
| 7:51 | Queue | Villager (Male) |
| 7:56 | Queue | Villager (Male) |
| 7:58 | Queue | Unit 2550 |
| 8:09 | Queue | Unit 2550 |
| 8:18 | Queue | Villager (Male) |
| 8:45 | Queue | Unit 2550 |
| 9:01 | Queue | Villager (Male) |
| 9:16 | Queue | Unit 2550 |
| 9:26 | Queue | Villager (Male) |
| 9:36 | Build | Farm |
| 9:42 | Queue | Unit 2550 |
| 9:57 | Build | Farm |
| 10:01 | Build | Farm |
| 10:03 | Build | Farm |
| 10:05 | Build | Farm |
| 10:41 | Queue | Unit 2550 |
| 10:52 | Queue | Unit 2550 |
| 10:54 | Queue | Villager (Male) |
| 11:08 | Queue | Villager (Male) |
| 11:21 | Queue | Unit 2550 |
| 12:01 | Queue | Unit 2550 |
| 12:02 | Queue | Villager (Male) |
| 12:05 | Build | Settlement |
| 12:35 | Queue | Villager (Male) |
| 12:40 | Build | Farm |
| 12:42 | Build | Farm |
| 12:43 | Build | Farm |
| 12:44 | Build | Farm |
| 12:59 | Queue | Villager (Male) |
| 13:02 | Build | Farm |
| 13:07 | Build | Farm |
| 13:34 | Queue | Villager (Male) |
| 13:36 | Build | Farm |
| 14:13 | Build | Farm |
| 14:15 | Research | Feudal Age |
| 14:15 | Research | Feudal Age |
| 14:38 | Queue | Unit 2550 |
| 14:53 | Queue | Unit 2550 |
| 15:28 | Queue | Unit 2550 |
| 15:34 | Build | Barracks |
| 15:38 | Queue | Unit 2550 |
| 15:42 | Queue | Unit 2550 |
| 15:55 | Queue | Unit 2550 |
| 16:25 | Age | Feudal Age |
| 16:31 | Research | Tech 1402 |
| 16:36 | Research | Tech 1402 |
| 16:37 | Queue | Unit 2550 |
| 16:37 | Queue | Unit 2550 |
| 16:39 | Queue | Unit 2550 |
| 16:41 | Queue | Villager (Male) |
| 16:44 | Queue | Villager (Male) |
| 17:00 | Queue | Villager (Male) |
| 17:05 | Build | Market |
| 17:09 | Build | Blacksmith |
| 17:59 | Research | Castle Age |
| 18:00 | Research | Castle Age |
| 18:15 | Queue | Unit 2550 |
| 18:15 | Queue | Unit 2550 |
| 18:26 | Research | Horse Collar |
| 18:26 | Research | Horse Collar |
| 18:31 | Queue | Unit 2550 |
| 18:32 | Queue | Unit 2550 |
| 18:48 | Queue | Unit 2550 |
| 18:54 | Build | Farm |
| 18:56 | Build | Farm |
| 18:59 | Research | Double-Bit Axe |
| 19:03 | Research | Gold Mining |
| 19:08 | Queue | Villager (Male) |
| 19:12 | Queue | Unit 2550 |
| 19:29 | Queue | Unit 2550 |
| 19:42 | Research | Forging |
| 19:46 | Queue | Unit 2550 |
| 20:00 | Queue | Unit 2550 |
| 20:04 | Queue | Unit 2550 |
| 20:18 | Queue | Unit 2550 |
| 20:26 | Queue | Unit 2550 |
| 20:37 | Queue | Unit 2550 |
| 20:39 | Age | Castle Age |
| 21:04 | Research | Tech 1351 |
| 21:04 | Research | Tech 1351 |
| 21:08 | Research | Scale Mail Armor |
| 21:08 | Research | Scale Mail Armor |
| 21:09 | Queue | Unit 2550 |
| 21:21 | Queue | Unit 2550 |
| 21:25 | Queue | Unit 2550 |
| 21:41 | Queue | Unit 2550 |
| 21:45 | Queue | Unit 2550 |
| 21:50 | Queue | Unit 2550 |
| 22:05 | Queue | Unit 2550 |
| 22:14 | Queue | Unit 2550 |
| 22:16 | Queue | Unit 2550 |
| 22:28 | Build | House |
| 22:33 | Queue | Villager (Male) |
| 22:35 | Queue | Unit 2550 |
| 22:59 | Research | Iron Casting |
| 22:59 | Research | Iron Casting |
| 23:08 | Queue | Unit 2550 |
| 23:14 | Build | House |
| 23:18 | Queue | Unit 2550 |
| 23:29 | Queue | Unit 2550 |
| 23:30 | Queue | Unit 2550 |
| 23:32 | Queue | Unit 2550 |
| 23:55 | Queue | Unit 2550 |
| 23:57 | Queue | Unit 2550 |
| 24:11 | Queue | Unit 2550 |
| 24:14 | Queue | Unit 2550 |
| 24:25 | Queue | Unit 2550 |
| 24:36 | Queue | Unit 2550 |
| 24:39 | Queue | Unit 2550 |
| 24:55 | Queue | Unit 2550 |
| 25:08 | Build | House |
| 25:21 | Research | Chain Mail Armor |
| 25:21 | Research | Chain Mail Armor |
| 25:23 | Queue | Unit 2550 |
| 25:27 | Queue | Unit 2550 |
| 26:08 | Queue | Unit 2550 |
| 26:22 | Queue | Unit 2550 |
| 26:26 | Queue | Unit 2550 |
Build order — holagame
First 150 of 232 actions detected
| 0:02 | Queue | Villager (Male) |
| 0:02 | Queue | Villager (Male) |
| 0:02 | Queue | Villager (Male) |
| 0:02 | Queue | Villager (Male) |
| 0:03 | Queue | Villager (Male) |
| 0:05 | Build | House |
| 0:07 | Build | House |
| 0:33 | Queue | Villager (Male) |
| 0:33 | Research | Loom |
| 0:36 | Queue | Villager (Male) |
| 0:36 | Queue | Villager (Male) |
| 1:40 | Queue | Villager (Male) |
| 1:40 | Queue | Villager (Male) |
| 2:20 | Queue | Villager (Male) |
| 2:20 | Queue | Villager (Male) |
| 2:35 | Queue | Villager (Male) |
| 2:55 | Build | Lumber Camp |
| 3:04 | Queue | Villager (Male) |
| 3:05 | Queue | Villager (Male) |
| 3:37 | Queue | Villager (Male) |
| 3:37 | Queue | Villager (Male) |
| 4:04 | Queue | Villager (Male) |
| 4:23 | Build | House |
| 4:30 | Queue | Villager (Male) |
| 4:54 | Queue | Villager (Male) |
| 4:54 | Queue | Villager (Male) |
| 5:18 | Queue | Villager (Male) |
| 5:18 | Queue | Villager (Male) |
| 5:18 | Queue | Villager (Male) |
| 5:30 | Build | House |
| 5:49 | Queue | Villager (Male) |
| 6:30 | Build | Mill |
| 6:33 | Queue | Villager (Male) |
| 7:28 | Research | Feudal Age |
| 7:29 | Research | Feudal Age |
| 7:36 | Build | Mining Camp |
| 8:11 | Build | House |
| 8:19 | Build | Barracks |
| 8:36 | Queue | Villager (Male) |
| 8:37 | Queue | Villager (Male) |
| 9:15 | Build | Palisade Wall |
| 9:26 | Build | Palisade Wall |
| 9:28 | Build | Palisade Wall |
| 9:33 | Build | Palisade Wall |
| 9:34 | Build | Palisade Wall |
| 9:37 | Build | Palisade Wall |
| 9:38 | Age | Feudal Age |
| 9:44 | Build | Archery Range |
| 10:13 | Build | Archery Range |
| 10:14 | Queue | Villager (Male) |
| 10:31 | Queue | Archer |
| 10:32 | Queue | Archer |
| 10:35 | Queue | Villager (Male) |
| 10:44 | Build | Palisade Wall |
| 10:46 | Build | Palisade Wall |
| 10:48 | Build | Palisade Wall |
| 10:57 | Queue | Villager (Male) |
| 11:27 | Queue | Archer |
| 11:30 | Queue | Villager (Male) |
| 11:33 | Queue | Archer |
| 11:40 | Build | House |
| 11:41 | Queue | Archer |
| 11:42 | Queue | Archer |
| 12:02 | Queue | Villager (Male) |
| 12:03 | Queue | Villager (Male) |
| 12:12 | Build | House |
| 12:14 | Build | House |
| 12:19 | Build | Palisade Wall |
| 12:35 | Build | House |
| 12:36 | Queue | Villager (Male) |
| 12:45 | Build | Palisade Wall |
| 12:53 | Queue | Villager (Male) |
| 12:57 | Build | Blacksmith |
| 13:02 | Queue | Archer |
| 13:03 | Queue | Archer |
| 13:03 | Queue | Archer |
| 13:25 | Queue | Villager (Male) |
| 13:25 | Queue | Villager (Male) |
| 13:50 | Queue | Villager (Male) |
| 14:32 | Research | Fletching |
| 14:33 | Research | Fletching |
| 14:37 | Queue | Villager (Male) |
| 14:38 | Queue | Villager (Male) |
| 14:58 | Queue | Archer |
| 14:58 | Queue | Archer |
| 15:02 | Build | Farm |
| 15:15 | Queue | Archer |
| 15:22 | Queue | Archer |
| 15:22 | Queue | Archer |
| 15:23 | Queue | Villager (Male) |
| 15:23 | Queue | Villager (Male) |
| 15:27 | Build | Farm |
| 15:28 | Build | Farm |
| 15:36 | Build | Farm |
| 16:11 | Queue | Archer |
| 16:12 | Queue | Archer |
| 16:12 | Queue | Archer |
| 16:12 | Queue | Archer |
| 16:13 | Queue | Villager (Male) |
| 16:13 | Queue | Villager (Male) |
| 16:13 | Queue | Villager (Male) |
| 16:24 | Build | Farm |
| 16:34 | Queue | Villager (Male) |
| 16:44 | Build | Farm |
| 16:45 | Build | Farm |
| 16:47 | Build | Farm |
| 16:48 | Queue | Villager (Male) |
| 17:12 | Queue | Archer |
| 17:12 | Queue | Archer |
| 17:13 | Queue | Archer |
| 17:13 | Queue | Archer |
| 17:13 | Queue | Villager (Male) |
| 17:14 | Queue | Villager (Male) |
| 17:17 | Build | House |
| 17:45 | Queue | Archer |
| 17:45 | Queue | Archer |
| 17:45 | Queue | Archer |
| 17:45 | Queue | Archer |
| 17:46 | Queue | Villager (Male) |
| 17:46 | Queue | Villager (Male) |
| 18:27 | Queue | Villager (Male) |
| 18:39 | Queue | Villager (Male) |
| 18:43 | Build | Lumber Camp |
| 18:49 | Queue | Villager (Male) |
| 18:51 | Build | House |
| 19:18 | Queue | Spearman |
| 19:19 | Queue | Spearman |
| 19:23 | Queue | Villager (Male) |
| 19:25 | Build | House |
| 19:44 | Queue | Archer |
| 19:44 | Queue | Archer |
| 19:44 | Queue | Archer |
| 19:45 | Queue | Archer |
| 19:54 | Build | Farm |
| 20:12 | Build | House |
| 20:13 | Queue | Villager (Male) |
| 20:14 | Queue | Archer |
| 20:14 | Queue | Archer |
| 20:14 | Queue | Archer |
| 20:57 | Queue | Villager (Male) |
| 20:59 | Build | House |
| 21:00 | Queue | Archer |
| 21:01 | Queue | Archer |
| 21:02 | Queue | Villager (Male) |
| 21:14 | Build | Market |
| 21:20 | Research | Double-Bit Axe |
| 21:21 | Research | Double-Bit Axe |
| 21:37 | Build | Archery Range |
| 21:44 | Queue | Villager (Male) |
| 22:43 | Build | Farm |
Build order — VFV_Gilgamesh
First 150 of 199 actions detected
| 0:08 | Research | Loom |
| 0:42 | Queue | Villager (Male) |
| 1:08 | Queue | Villager (Male) |
| 1:35 | Queue | Villager (Male) |
| 1:58 | Queue | Villager (Male) |
| 2:24 | Queue | Villager (Male) |
| 2:24 | Queue | Villager (Male) |
| 2:47 | Queue | Villager (Male) |
| 3:06 | Queue | Villager (Male) |
| 3:17 | Queue | Villager (Male) |
| 3:27 | Build | Lumber Camp |
| 3:35 | Build | House |
| 4:00 | Queue | Villager (Male) |
| 4:25 | Queue | Villager (Male) |
| 4:40 | Build | Mill |
| 4:47 | Queue | Villager (Male) |
| 5:08 | Queue | Villager (Male) |
| 5:35 | Queue | Villager (Male) |
| 5:48 | Queue | Villager (Male) |
| 6:04 | Build | House |
| 6:06 | Build | House |
| 6:20 | Queue | Villager (Male) |
| 6:34 | Queue | Villager (Male) |
| 6:48 | Build | Palisade Wall |
| 6:51 | Build | Palisade Wall |
| 7:00 | Research | Feudal Age |
| 7:36 | Build | Palisade Wall |
| 7:39 | Build | Palisade Wall |
| 7:40 | Build | Palisade Wall |
| 7:43 | Build | Palisade Wall |
| 7:45 | Build | Palisade Wall |
| 7:45 | Build | Palisade Wall |
| 8:33 | Build | Barracks |
| 8:39 | Queue | Villager (Male) |
| 8:40 | Queue | Villager (Male) |
| 8:44 | Build | House |
| 9:10 | Age | Feudal Age |
| 9:41 | Build | Archery Range |
| 9:55 | Research | Double-Bit Axe |
| 9:59 | Queue | Villager (Male) |
| 9:59 | Queue | Villager (Male) |
| 10:20 | Build | Mining Camp |
| 10:39 | Build | Palisade Gate |
| 10:41 | Build | Palisade Wall |
| 10:42 | Build | Palisade Wall |
| 10:44 | Queue | Villager (Male) |
| 10:46 | Queue | Archer |
| 10:47 | Queue | Archer |
| 10:51 | Build | Palisade Wall |
| 11:02 | Queue | Villager (Male) |
| 11:17 | Build | House |
| 11:26 | Build | Blacksmith |
| 11:29 | Queue | Archer |
| 11:30 | Queue | Villager (Male) |
| 11:39 | Queue | Villager (Male) |
| 12:01 | Queue | Villager (Male) |
| 12:06 | Queue | Archer |
| 12:06 | Queue | Archer |
| 12:12 | Build | House |
| 12:29 | Research | Horse Collar |
| 12:35 | Queue | Archer |
| 12:35 | Queue | Archer |
| 12:44 | Build | Palisade Wall |
| 12:45 | Build | Palisade Wall |
| 12:56 | Queue | Villager (Male) |
| 13:21 | Queue | Archer |
| 13:29 | Queue | Villager (Male) |
| 13:36 | Build | Farm |
| 13:36 | Build | Farm |
| 13:37 | Build | Farm |
| 13:47 | Research | Fletching |
| 13:59 | Queue | Archer |
| 13:59 | Queue | Archer |
| 14:05 | Build | Farm |
| 14:08 | Build | House |
| 14:27 | Research | Padded Archer Armor |
| 14:32 | Queue | Archer |
| 14:37 | Build | House |
| 14:46 | Queue | Villager (Male) |
| 14:46 | Queue | Villager (Male) |
| 14:59 | Queue | Skirmisher |
| 14:59 | Queue | Skirmisher |
| 15:06 | Build | House |
| 15:10 | Build | Farm |
| 15:11 | Build | Farm |
| 15:29 | Queue | Spearman |
| 15:29 | Queue | Spearman |
| 15:35 | Build | Farm |
| 15:36 | Build | Farm |
| 15:37 | Build | Farm |
| 15:38 | Build | Farm |
| 15:41 | Build | Farm |
| 15:42 | Build | Farm |
| 15:49 | Queue | Archer |
| 16:06 | Queue | Archer |
| 16:06 | Queue | Archer |
| 16:36 | Queue | Villager (Male) |
| 16:36 | Queue | Villager (Male) |
| 16:36 | Queue | Villager (Male) |
| 16:51 | Build | Palisade Wall |
| 16:54 | Build | Palisade Wall |
| 17:06 | Queue | Villager (Male) |
| 17:06 | Queue | Villager (Male) |
| 17:17 | Build | Watch Tower |
| 17:41 | Queue | Villager (Male) |
| 18:25 | Build | Lumber Camp |
| 18:28 | Build | Palisade Wall |
| 18:38 | Build | Farm |
| 18:39 | Build | Farm |
| 18:47 | Build | Market |
| 18:51 | Build | Farm |
| 18:54 | Build | Farm |
| 19:01 | Queue | Archer |
| 19:01 | Queue | Archer |
| 19:22 | Build | Farm |
| 19:24 | Build | Farm |
| 19:25 | Queue | Villager (Male) |
| 19:28 | Queue | Archer |
| 19:28 | Queue | Archer |
| 19:48 | Queue | Skirmisher |
| 19:59 | Build | Watch Tower |
| 20:09 | Research | Wheelbarrow |
| 20:17 | Build | Farm |
| 20:33 | Build | Archery Range |
| 20:53 | Queue | Archer |
| 20:53 | Queue | Archer |
| 21:18 | Queue | Archer |
| 21:18 | Queue | Archer |
| 21:30 | Research | Castle Age |
| 21:36 | Queue | Skirmisher |
| 21:36 | Queue | Skirmisher |
| 21:57 | Queue | Archer |
| 21:57 | Queue | Archer |
| 21:57 | Queue | Archer |
| 22:17 | Build | House |
| 22:18 | Build | House |
| 22:19 | Build | House |
| 22:20 | Build | House |
| 22:21 | Build | House |
| 23:06 | Research | Gold Mining |
| 23:15 | Queue | Skirmisher |
| 23:16 | Queue | Skirmisher |
| 23:16 | Queue | Archer |
| 23:39 | Queue | Archer |
| 23:39 | Queue | Archer |
| 24:10 | Age | Castle Age |
| 24:12 | Research | Crossbowman (upgrade) |
| 24:14 | Research | Bodkin Arrow |
| 24:16 | Queue | Villager (Male) |
| 24:16 | Queue | Villager (Male) |
Match timeline
| 4:13 | dapao · wall_segment Palisade Wall x1 |
| 4:59 | Hero Unit · first_building Dock |
| 5:25 | Zzzzzz · first_building Dock |
| 5:40 | Don't abandon the alliance. · first_building Dock |
| 5:42 | FaraLegend · first_building Barracks |
| 6:48 | VFV_Gilgamesh · wall_segment Palisade Wall x1 |
| 6:51 | VFV_Gilgamesh · wall_segment Palisade Wall x1 |
| 7:28 | Tylenol · first_building Barracks |
| 7:36 | VFV_Gilgamesh · wall_segment Palisade Wall x1 |
| 7:39 | VFV_Gilgamesh · wall_segment Palisade Wall x1 |
| 7:40 | VFV_Gilgamesh · wall_segment Palisade Wall x1 |
| 7:43 | VFV_Gilgamesh · wall_segment Palisade Wall x1 |
| 7:45 | VFV_Gilgamesh · wall_segment Palisade Wall x1 |
| 7:45 | VFV_Gilgamesh · wall_segment Palisade Wall x1 |
| 7:56 | dapao · first_building Barracks |
| 8:19 | holagame · first_building Barracks |
| 8:33 | VFV_Gilgamesh · first_building Barracks |
| 8:56 | Tylenol · age_up feudal |
| 8:59 | Tylenol · first_building Stable |
| 9:10 | VFV_Gilgamesh · age_up feudal |
| 9:15 | holagame · wall_segment Palisade Wall x3 |
| 9:26 | holagame · wall_segment Palisade Wall x1 |
| 9:28 | holagame · wall_segment Palisade Wall x1 |
| 9:33 | holagame · wall_segment Palisade Wall x1 |
| 9:34 | holagame · wall_segment Palisade Wall x1 |
| 9:37 | holagame · wall_segment Palisade Wall x1 |
| 9:38 | holagame · age_up feudal |
| 9:41 | VFV_Gilgamesh · first_building Archery Range |
| 9:44 | holagame · first_building Archery Range |
| 9:53 | dapao · age_up feudal |
| 9:56 | Hero Unit · first_building Barracks |
| 10:00 | dapao · first_building Stable |
| 10:09 | Zzzzzz · age_up feudal |
| 10:11 | Don't abandon the alliance. · age_up feudal |
| 10:27 | Hero Unit · wall_segment Palisade Wall x9 |
| 10:38 | Zzzzzz · wall_segment Stone Wall x5 |
| 10:38 | Hero Unit · wall_segment Palisade Wall x5 |
| 10:41 | VFV_Gilgamesh · wall_segment Palisade Wall x1 |
| 10:42 | VFV_Gilgamesh · wall_segment Palisade Wall x1 |
| 10:44 | holagame · wall_segment Palisade Wall x1 |
| 10:46 | holagame · wall_segment Palisade Wall x1 |
| 10:48 | holagame · wall_segment Palisade Wall x1 |
| 10:51 | VFV_Gilgamesh · wall_segment Palisade Wall x2 |
| 11:22 | Hero Unit · wall_segment Palisade Wall x1 |
| 11:23 | Hero Unit · age_up feudal |
| 11:25 | Hero Unit · wall_segment Palisade Wall x1 |
| 11:27 | Hero Unit · wall_segment Palisade Wall x1 |
| 11:30 | Don't abandon the alliance. · wall_segment Palisade Wall x2 |
| 11:33 | Zzzzzz · wall_segment Stone Wall x14 |
| 12:19 | holagame · wall_segment Palisade Wall x1 |
| 12:39 | Don't abandon the alliance. · wall_segment Palisade Wall x19 |
| 12:44 | VFV_Gilgamesh · wall_segment Palisade Wall x1 |
| 12:45 | VFV_Gilgamesh · wall_segment Palisade Wall x1 |
| 12:45 | holagame · wall_segment Palisade Wall x1 |
| 13:17 | dapao · wall_segment Palisade Wall x4 |
| 13:18 | dapao · wall_segment Palisade Wall x4 |
| 14:37 | Zzzzzz · wall_segment Stone Wall x8 |
| 15:21 | dapao · wall_segment Palisade Wall x1 |
| 16:25 | FaraLegend · age_up feudal |
| 16:29 | Don't abandon the alliance. · age_up castle |
| 16:51 | VFV_Gilgamesh · wall_segment Palisade Wall x1 |
| 16:54 | VFV_Gilgamesh · wall_segment Palisade Wall x1 |
| 17:57 | FaraLegend · first_market_sell 100 stone |
| 17:58 | FaraLegend · first_market_buy 100 food |
| 18:26 | Don't abandon the alliance. · first_building Monastery |
| 18:28 | VFV_Gilgamesh · wall_segment Palisade Wall x9 |
| 18:57 | Zzzzzz · age_up castle |
| 20:07 | Zzzzzz · first_market_buy 100 stone |
| 20:39 | FaraLegend · age_up castle |
| 20:42 | Tylenol · wall_segment Palisade Wall x1 |
| 20:44 | Don't abandon the alliance. · first_building Barracks |
| 22:02 | Don't abandon the alliance. · first_building Stable |
| 22:23 | Hero Unit · age_up castle |
| 22:24 | holagame · first_market_buy 100 food |
| 22:26 | holagame · first_market_sell 500 stone |
| 23:05 | Hero Unit · first_building Monastery |
| 24:10 | VFV_Gilgamesh · age_up castle |
| 24:23 | Tylenol · wall_segment Palisade Wall x1 |
| 24:34 | Tylenol · wall_segment Stone Wall x1 |
| 24:35 | dapao · age_up castle |
| 25:05 | Don't abandon the alliance. · first_market_buy 100 food |
| 25:38 | holagame · age_up castle |
| 25:43 | Hero Unit · first_market_sell 100 food |
| 26:02 | holagame · first_building Siege Workshop |
| 26:12 | Don't abandon the alliance. · first_market_sell 100 wood |
| 26:31 | VFV_Gilgamesh · first_market_sell 100 food |
| 27:04 | Zzzzzz · first_building Monastery |
| 30:18 | Tylenol · age_up castle |
| 30:58 | Zzzzzz · age_up imperial |
| 31:01 | Zzzzzz · first_building Castle |
| 31:20 | FaraLegend · resign |
[ AI ANALYSIS · 1 CREDIT ]
What really happened in this match?
Wolo.gg analyzes every decision: build order, eco, micro, common mistakes by bracket. Personalized analysis on WhatsApp or Discord in 30 seconds.
Civ guide
Ethiopians
Perfil
Jugador #280820